 Dungeon Crawl Stone Soup version 0.31-a0-1603-gbec6b6ccbf (webtiles) character file.

Game seed: 5028989185388995306

530 Laraso the Spear-Bearer (level 7, 57/57 HPs)
             Began as a Pale Draconian Berserker on Jan 8, 2024.
             Was a Priest of Trog.
             Quit the game on level 4 of the Dungeon.
             The game lasted 00:03:39 (3372 turns).

Laraso the Spear-Bearer (Pale Draconian Berserker)  Turns: 3372, Time: 00:03:40

Health: 57/57      AC: 11    Str: 19    XL:     7   Next: 3%
Magic:  7/7        EV: 12    Int:  7    God:    Trog [***...]
Gold:   54         SH:  5    Dex: 13    Spells: 6/6 levels left

rFire   + . .        a - +0 spear
rCold   . . .        (no shield)
rNeg    . . .        (body armour unavailable)
rPois   .            (helmet restricted)
rElec   .            c - scarf {repulsion}
rCorr   .            g - +0 pair of gloves of Refuge {rF+ Will+}
SInv    .            (no boots)
Will    +....        m - amulet of reflection
Stlth   +            (no ring)
HPRegen 0.29/turn    i - +4 ring of protection
MPRegen 0.10/turn

%: repel missiles, reflection
@: no status effects
A: breathe steam, AC +6, unfitting armour, cold-blooded, steam resistance
a: Breathe Steam, Renounce Religion, Berserk, Trog's Hand


You were on level 4 of the Dungeon.
You worshipped Trog.
Trog was most pleased with you.
You visited 1 branch of the dungeon, and saw 4 of its levels.

You collected 104 gold pieces.
You spent 50 gold pieces at shops.

Inventory:

Hand Weapons
 a - a +0 spear (weapon)
Armour
 c - a scarf of repulsion (worn)
 g - the +0 pair of gloves of Refuge (worn) {rF+ Will+}
   (You acquired it on level 2 of the Dungeon)

   rF+:       It protects you from fire.
   Will+:     It increases your willpower.
Jewellery
 i - a +4 ring of protection (right hand)
 j - the ring of Winter {Fire Will+ rCorr}
   (You found it on level 2 of the Dungeon)

   [ring of fire]

   Fire:      It enhances your fire magic.
   rF+:       It protects you from fire.
   rC-:       It makes you vulnerable to cold.
   Will+:     It increases your willpower.
   rCorr:     It protects you from acid and corrosion.
 m - an amulet of reflection (around neck)
Scrolls
 d - 2 scrolls of teleportation
 h - 2 scrolls of fear
 o - a scroll of poison
Potions
 b - a potion of curing {unknown}
 e - a potion of haste {unknown}
 f - 2 potions of mutation {unknown}
 k - a potion of invisibility {unknown}
 l - a potion of resistance {unknown}


   Skills:
 - Level 3.2 Fighting
 * Level 8.1 Polearms
 - Level 2.6 Dodging


You had 6 spell levels left.
You didn't know any spells.
Your spell library was empty.

Dungeon Overview and Level Annotations

Branches:
Dungeon (4/15)
 Temple: D:4-7

Altars:
Hepliaklqana
Xom

Shops:
D:2 *

Annotations:
D:2 Natasha


Innate Abilities, Weirdness & Mutations

You can breathe blasts of scalding, opaque steam.
Your pale cyan-grey scales are hard. (AC +6)
You cannot fit into any form of body armour.
You are cold-blooded and may be slowed by cold attacks.
You are immune to the effects of steam.


Message History

A crimson imp comes into view.
You hit the crimson imp.
The crimson imp is moderately wounded.
The crimson imp barely misses you.
You hit the crimson imp.
The crimson imp is moderately wounded.
You hit the crimson imp. You tail-slap the crimson imp.
The crimson imp is heavily wounded.
The crimson imp hits you but does no damage.
You hit the crimson imp.
You tail-slap the crimson imp, but do no damage.
The crimson imp is almost dead.
You block the crimson imp's attack.
You closely miss the crimson imp.
The crimson imp is severely wounded.
You hit the crimson imp but do no damage.
Your tail-slap misses the crimson imp.
The crimson imp is severely wounded.
The crimson imp hits you but does no damage.
The crimson imp blinks!
You hit the crimson imp but do no damage.
The crimson imp is severely wounded.
The crimson imp completely misses you.
The crimson imp blinks!
You hit the crimson imp but do no damage.
The crimson imp is severely wounded.
You barely miss the crimson imp.
Your tail-slap misses the crimson imp.
The crimson imp is severely wounded.
You block the crimson imp's attack. The crimson imp hits you.
You hit the crimson imp but do no damage.
The crimson imp is heavily wounded.
The crimson imp blinks!
The crimson imp misses you.
You closely miss the crimson imp. The crimson imp barely misses you.
WARNING: ABOUT TO ENTER EXPLORE MODE!
In explore mode, death is optional.
Once you set a character to explore mode, you can't switch back.
If you continue, your game will not be scored!
Do you really want to enter explore mode? (Confirm with "yes".)
Okay, then.
Unknown command.
Are you sure you want to abandon this character and quit the game? (Confirm with "yes".)

.#.#.#................#
..)....##.....##..>..)#
...#..................#
#### ...#
..#.###.#..####+####..#
...#. .........# ^...5
#.## .....
#.#...5..###._.###.######
.#.#.
#.......##.§.§.^5#.......
.#####
.......5.####'####.......
##
.###..##@§5..............
# #... ####..............
.. #... #.(§.####.......
.# #... #.....# ########
## #.. #.###.## # #.
#.##...# #.###.##
#.##...# #.###.##


You could see 3 crimson imps.

Vanquished Creatures
  A black bear (D:4)
  A scorpion (D:4)
  2 orc priests (D:3)
  2 hounds (D:4)
  Natasha (twice) (D:2)
  3 orc wizards (D:3)
  2 adders
  3 dart slugs
  2 ribbon worms (D:2)
  12 orcs (D:3)
  8 ball pythons
  5 bats
  8 endoplasms
  4 goblins
  5 hobgoblins
  10 jackals
  8 quokkas
  4 frilled lizards
  11 kobolds
  6 rats
99 creatures vanquished.

Notes
Turn   | Place    | Note
-------+----------+-------------------------------------------
     0 | D:1      | Laraso the Draconian Berserker began the quest for the Orb.
     0 | D:1      | Reached XP level 1. HP: 19/19 MP: 1/1
   213 | D:1      | Reached XP level 2. HP: 21/26 MP: 2/2
   468 | D:1      | Reached skill level 4 in Polearms
   527 | D:1      | Reached ** piety under Trog
   642 | D:1      | Reached XP level 3. HP: 24/31 MP: 3/3
  1197 | D:2      | Noticed Natasha
  1212 | D:2      | Killed Natasha
  1213 | D:2      | Reached XP level 4. HP: 5/38 MP: 4/4
  1361 | D:2      | Found a faded altar of an unknown god.
  1377 | D:2      | Reached skill level 5 in Polearms
  1421 | D:2      | Found Fegoz's Assorted Antiques.
  1427 | D:2      | Bought a scroll labelled CUHAVE PEUXAYF for 25 gold pieces
  1427 | D:2      | Bought a scroll labelled HULIN GALIRGH for 25 gold pieces
  1465 | D:2      | Acquired the +0 pair of gloves of Refuge {rF+ Will+}
  1646 | D:2      | Identified the ring of Winter {Fire Will+ rCorr}
  1668 | D:2      | Noticed Natasha
  1681 | D:2      | Killed Natasha
  1761 | D:2      | Noticed Natasha
  1951 | D:3      | Reached XP level 5. HP: 45/45 MP: 5/5
  2192 | D:3      | Reached skill level 6 in Polearms
  2350 | D:3      | Reached *** piety under Trog
  2452 | D:3      | Reached XP level 6. HP: 40/51 MP: 6/6
  2795 | D:3      | Reached skill level 7 in Polearms
  3231 | D:4      | Found a hazy altar of Hepliaklqana.
  3335 | D:4      | Reached skill level 8 in Polearms
  3335 | D:4      | Your scales start taking on a pale cyan-grey colour.
  3335 | D:4      | Reached XP level 7. HP: 57/57 MP: 7/7
  3335 | D:4      | Gained mutation: You are immune to the effects of steam.
                  | [Pale Draconian growth]
  3356 | D:4      | Found a shimmering altar of Xom.
  3372 | D:4      | Quit the game

Illustrated notes

Levels and vault maps discovered:
D:1:      dpeg_arrival_circle_labyrinth_c, layout_basic,
          hangedman_decor_opposing, minmay_tetromino_s4
D:2:      layout_loops_cross, dreamdust_ecumenical_altar_grove, serial_shops,
          shop, uniq_natasha
D:3:      layout_loops_corners, minmay_misc_feat_roman, minmay_unequal
D:4:      nicolae_cairo_tiling_large_dashed, layout_rooms, led_xom_imps,
          nicolae_hepliaklqana_hazy_memory, kennysheep_okawaru_gauntlet,
          minmay_misc_feat_hallway, uniq_blork_the_orc

Skill      XL: |  1  2  3  4  5  6 |
---------------+-------------------+-----
Polearms       | 4 5 6 8 |  8.1
Fighting       | |  3.2
Dodging        | |  2.6

Action                     |  1- 3 |  4- 6 |  7- 9 || total
---------------------------+-------+-------+-------++-------
  Melee: Spear             |   143 |   212 |    14 ||   369
         Tailslap          |    15 |    29 |     2 ||    46
         Punch             |       |     2 |     1 ||     3
 Invoke: Berserk           |     1 |     4 |       ||     5
    Use: Scroll            |       |     6 |       ||     6
   Stab: Distracted        |     1 |       |       ||     1
         Sleeping          |     4 |     3 |       ||     7
 Armour: Skin              |    51 |   101 |     4 ||   156
  Dodge: Dodged            |    75 |    91 |     4 ||   170
         Repelled          |     3 |       |       ||     3
  Block: Other             |       |     9 |     2 ||    11
         Reflection        |       |     1 |       ||     1

Table legend: (Time is in decaauts)
 A = Elapsed time spent in this place.
 B = Non-inter-level travel time spent in this place.
 C = Inter-level travel time spent in this place.
 D = Time resting spent in this place.
 E = Time spent auto-exploring this place.
 F = Levels seen in this place.
 G = Mean time per level.
                   A        B        C        D        E       F      G
               +--------+--------+--------+--------+--------+-----+--------+
         Total |   3353 |   3189 |    164 |    133 |   2440 |   4 |  838.2 |
       Dungeon |   3353 |   3189 |    164 |    133 |   2440 |   4 |  838.2 |
               +--------+--------+--------+--------+--------+-----+--------+

Top non-repeatable levels by time:
     D:3: 1104 daAuts
     D:1: 1025 daAuts
     D:2: 800 daAuts
     D:4: 422 daAuts
